 Dungeon Crawl Stone Soup version 0.19-a0-376-gf780d9b (webtiles) character file.

360 McCoppin the Skirmisher (level 6, -3/51 HPs)
             Began as a Demonspawn Gladiator on May 30, 2016.
             Slain by Pikel
             ... wielding a +2 whip of electrocution
              (11 damage)
             ... on level 3 of the Dungeon.
             The game lasted 00:14:09 (2917 turns).

McCoppin the Skirmisher (Demonspawn Gladiator)      Turns: 2917, Time: 00:14:10

Health: -3/51      AC:  9    Str: 22    XL:     6   Next: 38%
Magic:  0/6        EV: 12    Int: 10    God:
Gold:   290        SH:  0    Dex: 13    Spells: 0 memorised, 5 levels left

rFire  . . .     SeeInvis .     a - +0 war axe
rCold  + . .     Gourm    .     q - +0 leather armour {rC+}
rNeg   . . .     Faith    .     (no shield)
rPois  .         Spirit   +     c - +0 helmet
rElec  .         Dismiss  .     (no cloak)
rCorr  .         Reflect  .     (no gloves)
SustAt .         Harm     .     k - +0 pair of boots
MR     .....                    (no amulet)
Stlth  +.........               (no ring)
                                (no ring)

@: mighty, drained, not resistant to hostile enchantments, very unstealthy
A: iridescent scales 1, powered by death 1, magic shield
a: no special abilities


You were on level 3 of the Dungeon.
You were hungry.

You visited 1 branch of the dungeon, and saw 4 of its levels.

You collected 290 gold pieces.

Inventory:

Hand Weapons
 a - a +0 war axe (weapon)
 i - a -1 spear
Missiles
 r - a throwing net (quivered)
Armour
 b - a +1 leather armour
 c - a +0 helmet (worn)
 k - a +0 pair of boots (worn)
 n - a +0 plate armour
 q - a +0 leather armour of cold resistance (worn)
Scrolls
 e - a scroll of identify
 f - 2 scrolls of teleportation
 p - a scroll of enchant armour
 u - 2 scrolls of recharging {unknown}
Potions
 d - a potion of ambrosia {unknown}
 g - a potion of agility
 j - a potion of magic
 l - a potion of lignification
Comestibles
 m - a royal jelly
 s - a chunk of flesh
 t - a meat ration


   Skills:
 + Level 5.2(5.0) Fighting
 + Level 4.8(4.7) Axes
 - Level 1.7(1.6) Throwing
 - Level 2.6(2.5) Dodging


You had 5 spell levels left.
You didn't know any spells.

Dungeon Overview and Level Annotations

Branches:
Dungeon (4/15)
 Temple: D:4-7

Altars:
Cheibriados
Gozag
Hepliaklqana
Kikubaaqudgha
Nemelex Xobeh
Pakellas
Qazlal
Xom
The Shining One

Annotations:
D:3 Pikel; tstbtto's ghost, amateur MiCK


Innate Abilities, Weirdness & Mutations

You are partially covered in iridescent scales. (AC +4)
You regenerate a little health from kills.
When hurt, damage is shared between your health and your magic reserves.


Message History

Pikel is moderately wounded.
You hit the slave but do no damage.
The slave is moderately wounded.
You hit the slave.
The slave is moderately wounded.
The slave hits you.
Pikel hits you with a whip of electrocution.
The slave hits you.
* * * LOW HITPOINT WARNING * * *
You slash Pikel!
Pikel is severely wounded.
You closely miss the slave.
The slave is moderately wounded.
You hit the slave.
The slave is heavily wounded.
The slave barely misses you.
Pikel hits you with a whip of electrocution!
* * * LOW HITPOINT WARNING * * *
You are electrocuted!
You die...

....######....[.#
#....##....... #####
######.# #####....##....
## #.###........##....
.## #....)######..#####
..#############........#
#..##
#...##..........####...#
##..#
###.##.############....#
#..## ##.#..# #ppp....#
##..## ##))...#####
#@####### ##..##
...###.....#####K# #...#
#### #####......p# ##..#
#.....### ##.. #.....#
### #.....# #######


You could see Pikel and 4 slaves.

Vanquished Creatures
  An ogre (D:3)
  An orc priest (D:3)
  Jessica (D:3)
  Ijyb (D:3)
  2 worker ants (D:4)
  Natasha (D:3)
  4 adders
  2 oozes (D:1)
  A worm (D:3)
  A dart slug (D:1)
  A giant gecko (D:3)
  5 orcs
  10 bats
  5 giant cockroaches
  4 goblins
  5 hobgoblins
  6 jackals
  A quokka (D:4)
  3 giant newts
  5 kobolds
  12 rats
72 creatures vanquished.

Notes
Turn   | Place    | Note
--------------------------------------------------------------
     0 | D:1      | McCoppin the Demonspawn Gladiator began the quest for the Orb.
     0 | D:1      | Reached XP level 1. HP: 16/16 MP: 1/1
    75 | D:1      | Gained mutation: You are partially covered in iridescent scales. (AC +4) [demonic ancestry]
    75 | D:1      | Reached XP level 2. HP: 4/23 MP: 2/2
   696 | D:1      | Reached skill level 3 in Fighting
   709 | D:1      | Gained mutation: You regenerate a little health from kills. [demonic ancestry]
   709 | D:1      | Reached XP level 3. HP: 27/29 MP: 3/3
   806 | D:2      | Found a shimmering altar of Xom.
  1100 | D:2      | Found a hazy altar of Hepliaklqana.
  1310 | D:2      | Found a snail-covered altar of Cheibriados.
  1412 | D:3      | Reached XP level 4. HP: 37/37 MP: 4/4
  1433 | D:3      | Found a stormy altar of Qazlal.
  1450 | D:3      | Noticed tstbtto's ghost (amateur MiCK)
  1494 | D:3      | Found a glowing golden altar of the Shining One.
  1499 | D:3      | Noticed Jessica
  1502 | D:3      | Found a sparkling altar of Nemelex Xobeh.
  1503 | D:3      | Killed Jessica
  1503 | D:3      | Reached skill level 4 in Fighting
  1504 | D:3      | Found an oddly glowing altar of Pakellas.
  1507 | D:3      | Found an opulent altar of Gozag.
  1590 | D:3      | Noticed Ijyb
  1599 | D:3      | Killed Ijyb
  1599 | D:3      | Reached XP level 5. HP: 42/42 MP: 5/5
  1650 | D:4      | Found an ancient bone altar of Kikubaaqudgha.
  1765 | D:4      | Noticed a phantom
  2722 | D:3      | Noticed an ogre
  2736 | D:3      | Killed an ogre
  2736 | D:3      | Reached skill level 5 in Fighting
  2736 | D:3      | Gained mutation: When hurt, damage is shared between your health and your magic reserves. [demonic ancestry]
  2736 | D:3      | Reached XP level 6. HP: 51/51 MP: 6/6
  2766 | D:3      | Noticed Natasha
  2770 | D:3      | Killed Natasha
  2819 | D:4      | Noticed Pikel
  2819 | D:4      | Noticed a slave
  2819 | D:4      | Noticed a slave
  2819 | D:4      | Noticed a slave
  2819 | D:4      | Noticed a slave
  2917 | D:3      | Slain by Pikel

Vault maps used:
D:1:      dpeg_arrival_tiny_c
D:2:      lemuel_coloured_pillars_altar, old_standard_altar,
          lemuel_doored_altar, minmay_rat_gold_closets
D:3:      old_standard_altar, minitemple, uniq_natasha, uniq_jessica, uniq_iyjb
D:4:      kiku_gazebo_pond_becter, uniq_pikel, uniq_robin, uniq_blork_the_orc

Skill      XL: |  1  2  3  4  5 |
---------------+----------------+-----
Axes           | 3 4 |  4.8
Fighting       | 3 4 5 |  5.2
Throwing       | |  1.7
Dodging        | |  2.6

Action                   |  1- 3 |  4- 6 || total
-------------------------+-------+-------++-------
Melee: War axe           |    57 |   135 ||   192
       Spear             |   111 |       ||   111
Throw: Throwing net      |       |     5 ||     5
  Use: Scroll            |     6 |     4 ||    10
       Potion            |     2 |     2 ||     4
 Stab: Sleeping          |     5 |       ||     5
  Eat: Bread ration      |     1 |       ||     1
       Chunk             |       |     2 ||     2
Armor: Leather armour    |    82 |    75 ||   157
Dodge: Dodged            |   118 |   121 ||   239
